 Dungeon Crawl Stone Soup version 0.29.1-1-gd02db6906a (webtiles) character file.

Game seed: 12492460756223230192

5 warriortoast the Firebug (level 1, 0/10 HPs)
             Began as a Deep Elf Fire Elementalist on Sept 20, 2022.
             Slain by a quokka (2 damage)
             ... on level 1 of the Dungeon.
             The game lasted 00:01:33 (58 turns).

warriortoast the Firebug (Deep Elf Fire Elementalist) Turns: 58, Time: 00:01:35

Health: 0/10       AC:  2    Str:  5    XL:     1   Next: 66%
Magic:  0/6        EV:  9    Int: 19    God:
Gold:   0          SH:  0    Dex: 15    Spells: 5/6 levels left

rFire   . . .      SeeInvis .   (no weapon)
rCold   . . .      Faith    .   (no shield)
rNeg    . . .      Spirit   .   a - +0 robe
rPois   .          Reflect  .   (no helmet)
rElec   .          Harm     .   (no cloak)
rCorr   .          Rampage  .   (no gloves)
Will    .....                   (no boots)
Stlth   ++........              (no amulet)
HPRegen 0.03/turn               (no ring)
MPRegen 0.10/turn               (no ring)

@: constricted
A: no striking features
a: no special abilities


You were on level 1 of the Dungeon.
You visited 1 branch of the dungeon, and saw 1 of its levels.

Inventory:

Hand Weapons
 c - a +0 mace
Armour
 a - a +0 robe (worn)
Potions
 b - a potion of magic


   Skills:
 - Level 2.4 Dodging
 - Level 2.4 Stealth
 + Level 3.2 Spellcasting
 + Level 1.4 Conjurations
 + Level 3.4 Fire Magic


You had 5 spell levels left.
You knew the following spells:

 Your Spells              Type           Power      Damage    Failure   Level
a - Foxfire               Conj/Fire      48%        2x1d6     5%          1

Your spell library contained the following spells:

 Spells                   Type           Power      Damage    Failure   Level
 Scorch                   Fire           32%        2d7       5%          2
 Conjure Flame            Conj/Fire      12%        6-21      17%         3
 Inner Flame              Hex/Fire       9%         N/A       22%         3
 Flame Wave               Conj/Fire      12%        2d6       50%         4


Dungeon Overview and Level Annotations

Branches:
Dungeon (1/15)

Altars:


Message History

You conjure some foxfire!
The quokka barely misses you.
The foxfire hits the quokka.
You kill the quokka!
The foxfire hits the goblin.
You kill the goblin!
Found a scroll labelled UCUIMU AMELA.
The hobgoblin attacks as you move away! The hobgoblin completely misses you.
A ball python comes into view.
Found 8 stones.
The hobgoblin attacks as you move away! The hobgoblin hits you.
The hobgoblin attacks as you move away! The hobgoblin hits you.
A quokka comes into view.
You are too injured to fight recklessly!
Casting: Foxfire (safe; 6% risk of failure)
Confirm with . or Enter, or press ? or * to list all spells.
You conjure some foxfire!
The ball python hisses angrily.
The hobgoblin misses you.
Unknown command.
The foxfire hits the hobgoblin.
The hobgoblin is moderately wounded.
The foxfire hits the hobgoblin.
The hobgoblin is heavily wounded.
The quokka twitches its whiskers.
The hobgoblin closely misses you.
Casting: Foxfire (safe; 6% risk of failure)
Confirm with . or Enter, or press ? or * to list all spells.
You conjure some foxfire!
The hobgoblin misses you.
Unknown command.
The foxfire hits the hobgoblin.
You kill the hobgoblin!
The foxfire hits the quokka but does no damage.
Casting: Foxfire (safe; 5% risk of failure)
Confirm with . or Enter, or press ? or * to list all spells.
You conjure some foxfire!
The ball python bites you.
* * * LOW HITPOINT WARNING * * *
The ball python grabs you. The ball python constricts you.
* * * LOW HITPOINT WARNING * * *
The quokka bites you.
You die...

#[.....).†....#
#..[#####...#...
#...#...#...#
#.###.♣.###.#
#.#.......#.#
#.+.♣.<.♣.'.#
#.#.......#.#
#§###.♣.###.#
#§@v#...#...#
##.#rSv#####...#
................#
#.......######.......
.........# #..>....
##.......# #........
....(..### #......?.
....... #######..
...... ..


You could see a quokka and a ball python (ally target).

Vanquished Creatures
  A hobgoblin (D:1)
  2 quokkas (D:1)
  A frilled lizard (D:1)
  A goblin (D:1)
5 creatures vanquished.

Vanquished Creatures (others)
  13 foxfires (D:1)
13 creatures vanquished.

Grand Total: 18 creatures vanquished

Notes
Turn   | Place    | Note
-------+----------+-------------------------------------------
     0 | D:1      | warriortoast the Deep Elf Fire Elementalist began the quest
                  | for the Orb.
     0 | D:1      | Reached XP level 1. HP: 10/10 MP: 6/6
    58 | D:1      | Slain by a quokka

Illustrated notes

Levels and vault maps discovered:
D:1:      dpeg_arrival_simpleton_c, layout_basic, basic_ecumenical_altar,
          minmay_tiny_reverse_x

Action                   || total
-------------------------++-------
 Cast: Foxfire           ||    10
Dodge: Dodged            ||     7
